 Dungeon Crawl Stone Soup version 0.27-a0-1532-gca18f49f40 (console) character file.

Game seed: 16889136612793011451

2125 jejorda2 the Spear-Bearer (level 9, -6/103 HPs)
             Began as a Merfolk Berserker on July 12, 2021.
             Was a Priest of Trog.
             Shot with a sling bullet by Joseph (12 damage)
             ... on level 7 of the Dungeon.
             The game lasted 00:11:21 (6859 turns).

jejorda2 the Spear-Bearer (Merfolk Berserker)       Turns: 6859, Time: 00:11:22

Health: -6/103     AC: 12    Str: 20    XL:     9   Next: 29%
Magic:  9/9        EV:  8    Int:  6    God:    Trog [***...]
Gold:   442        SH:  0    Dex: 14    Spells: 8/8 levels left

rFire    . . .     SeeInvis +   a - +1 halberd
rCold    . . .     Faith    .   (shield currently unavailable)
rNeg     . . .     Spirit   .   f - +0 chain mail
rPois    .         Reflect  .   (no helmet)
rElec    .         Harm     .   g - +1 cloak
rCorr    .         Rampage  .   (no gloves)
Will     ++...                  (no boots)
Stlth    ..........             (no amulet)
HPRegen  1.27/turn              h - ring of see invisible
MPRegen  0.11/turn              (no ring)

@: berserking, strong-willed, regenerating, very quick
A: (nimble swimmer 2), mertail
a: Renounce Religion, Berserk, Trog's Hand


You were on level 7 of the Dungeon.
You worshipped Trog.
Trog was most pleased with you.
You visited 1 branch of the dungeon, and saw 7 of its levels.
You also visited: Sewer.

You collected 442 gold pieces.

Inventory:

Hand Weapons
 a - a +1 halberd (weapon)
 b - a +5 trident of venom
Missiles
 k - 14 poisoned darts (quivered)
Armour
 f - a +0 chain mail (worn)
 g - a +1 cloak (worn)
 n - a scarf of shadows
Jewellery
 h - a ring of see invisible (left hand)
 q - a ring of fire
Scrolls
 l - a scroll of fear
 o - 2 scrolls of identify
Potions
 c - 6 potions of curing
 d - 2 potions of flight
 e - 2 potions of attraction
 i - a potion of mutation
 j - 2 potions of berserk rage {zerk might}
 m - a potion of cancellation
 p - a potion of heal wounds


   Skills:
 - Level 6.0 Fighting
 * Level 13.1 Polearms
 + Level 5.0 Armour
 - Level 2.6 Dodging


You had 8 spell levels left.
You didn't know any spells.
Your spell library was empty.

Dungeon Overview and Level Annotations

Branches:
Dungeon (7/15)             Temple (0/1) D:6           Sewer (visited)

Altars:
Fedhas
Hepliaklqana
Kikubaaqudgha
Nemelex Xobeh
Sif Muna
Vehumet

Shops:
D:5 (   D:7 *

Annotations:
D:7 3 exclusions, Joseph


Innate Abilities, Weirdness & Mutations

((You are quick and stealthy near water. (Stealth+, EV+, Speed+++)))
Your lower body shifts to a powerful aquatic tail in water.


Message History

You are no longer corroded.
An electric eel is nearby!
Press: ? - help, v - describe, . - travel A granite statue.
Placed new exclusion.
Your legs become a tail as you enter the water.
Joseph, a Mercenary comes into view.
He is wielding a +0 quarterstaff of distortion.
Joseph shouts!
Okay, then.
Joseph unwields a +0 quarterstaff of distortion.
Its appearance distorts for a moment.
Joseph wields a +0 hunting sling.
Joseph shoots a sling bullet.
The sling bullet hits you!!
Found 17 stones.
Joseph shoots a sling bullet.
The sling bullet hits you!
Joseph shoots a sling bullet.
The sling bullet hits you!
Your skin crawls.
You feel strong-willed.
Joseph shoots a sling bullet.
The sling bullet hits you.
Joseph sighs, "Being a guard is usually so boring..."
Joseph shoots a sling bullet.
The sling bullet hits you!
* * * LOW HITPOINT WARNING * * *
A red film seems to cover your vision as you go berserk!
You feel yourself moving faster!
You feel mighty!
Joseph shoots a sling bullet.
The sling bullet hits you!!
* * * LOW HITPOINT WARNING * * *
You feel a strong urge to attack something.
Joseph shoots a sling bullet.
The sling bullet hits you!
* * * LOW HITPOINT WARNING * * *
Reach: a) +1 halberd
Press: ? - help, Dir - move target, f - Joseph
Aim: Joseph, wielding a +0 hunting sling, wearing a +0 leather armour and quivering sling bullets (about 37% to evade your +1 halberd)
You reach to attack!
You slice Joseph!!
Joseph is moderately wounded.
Reach: a) +1 halberd
Press: ? - help, Dir - move target, f/p - Joseph
Aim: Joseph, wielding a +0 hunting sling, wearing a +0 leather armour and quivering sling bullets (moderately wounded, about 37% to evade your +1 halberd)
You reach to attack!
You barely miss Joseph.
Joseph is moderately wounded.
Joseph shoots a sling bullet.
The sling bullet hits you!
You die...

....###......## ##P.....P..
.♣...#.......+ #P..#..PPP.
.............##
#......P....
.♣...##...♣.♣P###.......P.P
P$
....>#...♣P.P...........P.P
.♣........♣.≈.♣P....#
.........P.≈≈≈.P....#
.♣.♣.....P≈≈8≈≈P..@.#...
.........P.≈≈≈.P@.......
.♣.♣.....P♣.≈.♣.........
........P♣P♣..P......##
...#..............(.#
..###................#
#..##.#....##....# ...
#....... ##### .. .......##
........#


You could see Joseph.

Vanquished Creatures
  A troll (D:6)
  Sigmund (D:2)
  A water moccasin (D:7)
  Purgy (Sewer)
  A sky beast (D:7)
  A black bear (D:6)
  An ice beast (D:6)
  A necrophage (D:5)
  A centaur (D:5)
  3 ogres
  Blork the orc (D:4)
  A scorpion (D:6)
  3 wights (D:6)
  3 hounds (D:4)
  2 gnoll shamans
  A jelly (D:7)
  Natasha (thrice) (D:4)
  Terence (D:2)
  An orc wizard (D:6)
  A killer bee zombie (D:6)
  A hound skeleton (D:5)
  A howler monkey zombie (D:5)
  12 gnolls
  6 adders
  An ufetubus (D:7)
  4 worms
  2 dart slugs
  3 orcs
  3 ball pythons
  4 endoplasms
  9 giant cockroaches
  3 goblins
  9 hobgoblins
  18 jackals
  2 kobolds (D:1)
  2 quokkas (D:3)
  8 bats
  5 frilled lizards
  7 rats
129 creatures vanquished.

Vanquished Creatures (others)
  21 fungi (D:3)
  11 plants (D:4)
32 creatures vanquished.

Grand Total: 161 creatures vanquished

Notes
Turn   | Place    | Note
-------+----------+-------------------------------------------
     0 | D:1      | jejorda2 the Merfolk Berserker began the quest for the Orb.
     0 | D:1      | Reached XP level 1. HP: 18/18 MP: 1/1
   175 | D:1      | Reached XP level 2. HP: 21/24 MP: 2/2
   311 | D:1      | Noticed a floating eye
   313 | D:1      | Found a faded altar of an unknown god.
   331 | D:1      | Reached skill level 5 in Polearms
   331 | D:1      | Noticed a great orb of eyes
   331 | D:1      | Noticed a floating eye
   331 | D:1      | Noticed a golden eye
   714 | D:1      | Reached XP level 3. HP: 29/29 MP: 3/3
  1139 | D:2      | Noticed Sigmund
  1152 | D:2      | Killed Sigmund
  1153 | D:2      | Reached skill level 7 in Polearms
  1153 | D:2      | Reached XP level 4. HP: 38/38 MP: 4/4
  1153 | D:2      | Reached XP level 5. HP: 43/43 MP: 5/5
  1636 | D:2      | Reached XP level 6. HP: 48/49 MP: 6/6
  1662 | D:2      | Noticed Terence
  1672 | D:2      | Reached ** piety under Trog
  1677 | D:2      | Killed Terence
  2182 | D:3      | Found a glowing drain.
  2199 | Sewer    | Entered a sewer
  2231 | Sewer    | Noticed Purgy
  2244 | Sewer    | Killed Purgy
  2245 | Sewer    | Reached skill level 8 in Polearms
  2494 | D:3      | Found an ancient bone altar of Kikubaaqudgha.
  3184 | D:4      | Reached skill level 5 in Fighting
  3184 | D:4      | Reached XP level 7. HP: 56/56 MP: 7/7
  3359 | D:4      | Noticed Natasha
  3368 | D:4      | Killed Natasha
  3398 | D:4      | Reached *** piety under Trog
  3445 | D:4      | Noticed Natasha
  3453 | D:4      | Killed Natasha
  3457 | D:4      | Noticed Blork the orc
  3467 | D:4      | Killed Blork the orc
  3468 | D:4      | Reached skill level 9 in Polearms
  3801 | D:4      | Noticed Natasha
  3807 | D:4      | Killed Natasha
  4183 | D:5      | Entered Level 5 of the Dungeon
  4224 | D:5      | Found Sawennot's Antique Weapon Shoppe.
  4611 | D:5      | Reached skill level 10 in Polearms
  4611 | D:5      | Reached XP level 8. HP: 39/64 MP: 8/8
  5212 | D:6      | Noticed a troll
  5219 | D:6      | Killed a troll
  5220 | D:6      | Reached skill level 11 in Polearms
  5257 | D:6      | Found a staircase to the Ecumenical Temple.
  5289 | D:6      | Found a radiant altar of Vehumet.
  5354 | D:6      | Found a hazy altar of Hepliaklqana.
  5645 | D:6      | Reached skill level 12 in Polearms
  5766 | D:6      | Reached XP level 9. HP: 69/69 MP: 9/9
  5836 | D:6      | Found a blossoming altar of Fedhas.
  5837 | D:6      | Found a sparkling altar of Nemelex Xobeh.
  5941 | D:6      | Found a shimmering blue altar of Sif Muna.
  6218 | D:7      | Found Kaama's Mayhem Merchandise.
  6290 | D:7      | HP: 2/69 [electric eel/bolt of electricity (12)]
  6667 | D:7      | Reached skill level 13 in Polearms
  6667 | D:7      | Reached skill level 5 in Armour
  6849 | D:7      | Noticed Joseph
  6857 | D:7      | HP: 5/103 [Joseph/sling bullet (8)]
  6859 | D:7      | Shot with a sling bullet by Joseph

Illustrated notes

Levels and vault maps discovered:
D:1:      psy_arrival_fountain, layout_rooms,
          hellmonk_ecumenical_altar_watching_god, minmay_misc_feat_chi,
          chequers_arboretum
D:2:      minmay_wonky_spiral, layout_basic, minmay_misc_feat_tiny,
          chequers_serial_rivers_small_a, uniq_sigmund, uniq_terence
D:3:      layout_loops_corners, mainiacjoe_overflow_cross_hatched,
          gup_sewer_entry_pipe, chequers_serial_rivers_micro_d
D:4:      layout_rooms, serial_bayou, serial_bayou_pond_d, serial_bayou_shore_b,
          serial_bayou_ford_a, serial_bayou_lagoon_a,
          minmay_misc_feat_four_crosses, roderic_roman_lattice,
          chequers_serial_rivers_small_3, uniq_natasha, uniq_blork_the_orc
D:5:      layout_basic, serial_shops, shop
D:6:      layout_basic, tgw_sif, old_standard_altar,
          gammafunk_temple_overflow_statue, lemuel_coloured_pillars_altar,
          minmay_temple_entry_glass
D:7:      layout_cave_pools, serial_park, serial_park_gazebo
          [serial_park_minivault_5x5_2], serial_park_fountain,
          minmay_shop_mayhem, minmay_hedge_maze, uniq_joseph

Skill      XL: |  1  2  3  4  5  6  7  8  9 |
---------------+----------------------------+-----
Polearms       | 5 7 8 10 12 13 | 13.1
Fighting       | 4 5 6 |  6.0
Armour         | 2 3 4 5 |  5.0
Dodging        | |  2.6

Action                   |  1- 3 |  4- 6 |  7- 9 || total
-------------------------+-------+-------+-------++-------
Melee: Spear             |   101 |    10 |       ||   111
       Halberd           |       |    22 |   138 ||   160
       Trident           |       |    63 |    53 ||   116
       Tailslap          |       |     1 |     1 ||     2
Throw: Dart              |       |       |     4 ||     4
Invok: Berserk           |     1 |     2 |     4 ||     7
       Trog's Hand       |       |       |     1 ||     1
  Use: Potion            |       |     2 |       ||     2
       Scroll            |       |       |    17 ||    17
 Stab: Sleeping          |     2 |       |       ||     2
Armor: Animal skin       |     2 |       |       ||     2
       Chain mail        |    20 |    23 |    69 ||   112
Dodge: Dodged            |    31 |    31 |    53 ||   115

Table legend: (Time is in decaauts)
 A = Elapsed time spent in this place.
 B = Non-inter-level travel time spent in this place.
 C = Inter-level travel time spent in this place.
 D = Time resting spent in this place.
 E = Time spent auto-exploring this place.
 F = Levels seen in this place.
 G = Mean time per level.
                   A        B        C        D        E       F      G
               +--------+--------+--------+--------+--------+-----+--------+
         Total |   6845 |   6580 |    265 |    376 |   5388 |   8 |  855.6 |
       Dungeon |   6729 |   6464 |    265 |    350 |   5326 |   7 |  961.3 |
         Sewer |    116 |    116 |      0 |     26 |     62 |   1 |  116.0 |
               +--------+--------+--------+--------+--------+-----+--------+

Top non-repeatable levels by time:
     D:6: 1514 daAuts
     D:2: 1323 daAuts
     D:4: 945 daAuts
     D:3: 937 daAuts
     D:5: 894 daAuts
     D:1: 834 daAuts
     D:7: 279 daAuts
   Sewer: 116 daAuts
